 Dungeon Crawl Stone Soup version 0.17.0-26-gececa24 (webtiles) character file.

58 inmateoo the Vexing (level 3, 0/24 HPs)
             Began as a Vampire Enchanter on Nov 20, 2015.
             Succumbed to an adder's poison
             ... on level 1 of the Dungeon.
             The game lasted 00:02:40 (1182 turns).

inmateoo the Vexing (Vampire Enchanter)             Turns: 1182, Time: 00:02:40

Health: 0/24       AC:  3    Str:  7    XL:     3   Next: 76%
Magic:  1/6        EV: 12    Int: 18    God:
Gold:   102        SH:  0    Dex: 14    Spells: 3 memorised, 1 level left

rFire  . . .     SeeInvis +     a - +1 dagger
rCold  . . .     Clarity  .     b - +1 robe
rNeg   + . .     SustAt   .     (no shield)
rPois  .         Gourm    .     (no helmet)
rElec  .         Spirit   .     (no cloak)
rCorr  .         Warding  .     (no gloves)
rMut   .         Stasis   .     (no boots)
MR     .....                    (no amulet)
Stlth  +++.......               (no ring)
                                h - ring of positive energy

@: lethally poisoned (0 -> -9), regenerating quickly, not resistant to hostile
enchantments, fairly stealthy
A: fangs 3, see invisible, unbreathing
a: no special abilities


You were on level 1 of the Dungeon.
You were very full.

You visited 1 branch of the dungeon, and saw 2 of its levels.

You collected 102 gold pieces.

Inventory:

Hand Weapons
 a - a +1 dagger (weapon)
Armour
 b - a +1 robe (worn)
Jewellery
 h - a ring of positive energy (left hand)
Scrolls
 e - 2 scrolls of immolation {unknown}
 g - 3 scrolls of identify {unknown}
 i - 3 scrolls of magic mapping {unknown}
 j - a scroll of enchant weapon {unknown}
Potions
 d - a potion of blood
Books
 c - a book of Maledictions

   Spells                             Type                      Level
   a - Corona                         Hexes                        1
   b - Ensorcelled Hibernation        Hexes/Ice                    2
   c - Confuse                        Hexes                        3
   d - Tukima's Dance                 Hexes                        3
   e - Dazzling Spray                 Conjuration/Hexes            3


   Skills:
 + Level 1.3 Short Blades
 - Level 2.1 Dodging
 + Level 5.2 Stealth
 + Level 2.5 Spellcasting
 * Level 5.7 Hexes


You had one spell level left.
You knew the following spells:

 Your Spells              Type           Power        Failure   Level  Hunger
a - Corona                Hex            ###....      1%          1    #......
b - Ensorcelled Hibernat  Hex/Ice        ##....       12%         2    ##.....
c - Confuse               Hex            ###.....     6%          3    ###....


Dungeon Overview and Level Annotations

Branches:
Dungeon (2/15)

Altars:

Annotations:
D:2 Sigmund


Innate Abilities, Weirdness & Mutations

Your natural rate of healing is unusually fast.
You have razor-sharp teeth.
You have supernaturally acute eyesight.
You can survive without breathing.


Message History

The adder barely misses you. The adder bites you.
* * * LOW HITPOINT WARNING * * *
You are more poisoned.
The adder poisons you!
Drink which item? (? for menu, Esc to quit)
It was a potion of haste.
You feel yourself speed up.
* * * LOW HITPOINT WARNING * * *
You feel sick. The adder closely misses you.
You are very lightly contaminated with residual magic.
Drink which item? (? for menu, Esc to quit)
It was a potion of cancellation.
Your magical effects are unravelling.
Your magical contamination has completely faded away.
You feel magically purged.
You feel yourself slow down.
* * * LOW HITPOINT WARNING * * *
You feel sick. The adder bites you but does no damage.
You hit the adder but do no damage. Your bite misses the adder.
The adder is almost dead.
You die...

....###.###.# ##############.....
........# #.# #................##
...####.# #.# #.###..#######.###
###...#.# #.# #.# #....####...###
....#.#.# #.# #.# ##.....#..≈..#.
......#.# #.# #.####8..≈....≈....
#######.# #.# #....##...≈..≈≈≈..≈
........# #.# #.S#.#.....≈≈≈≈≈≈≈.
######### #.# #.@#.....≈≈≈≈...≈≈≈
..#....# #.###..#...≈≈≈≈≈..<..≈≈
#.#.##.# #...#..#.....≈≈≈≈...≈≈≈
..#.##.#####.....#.#.....≈≈≈≈≈≈≈.
....##...........#>##...≈..≈≈≈..≈
..####......#.##.#.#8..≈....≈....
...............#.#.#.....#..≈..#.
.#####......####.#.....####...###
## ######## #.#..)#######.####


You could see an adder.

Vanquished Creatures
  Ijyb (D:2)
  A worm (D:1)
  A ball python (D:1)
  4 bats (D:1)
  3 giant cockroaches
  3 hobgoblins (D:1)
  A jackal (D:1)
  6 kobolds
  2 giant newts (D:1)
  A goblin (D:1)
  4 rats (D:1)
27 creatures vanquished.

Notes
Turn   | Place    | Note
--------------------------------------------------------------
     0 | D:1      | inmateoo the Vampire Enchanter began the quest for the Orb.
     0 | D:1      | Reached XP level 1. HP: 13/13 MP: 3/3
   214 | D:1      | Reached XP level 2. HP: 5/19 MP: 5/5
   228 | D:1      | Learned a level 2 spell: Ensorcelled Hibernation
   423 | D:1      | Reached skill level 5 in Hexes
   947 | D:1      | Reached XP level 3. HP: 24/24 MP: 3/6
  1118 | D:2      | Noticed Ijyb
  1125 | D:2      | Killed Ijyb
  1125 | D:2      | Reached skill level 5 in Stealth
  1132 | D:2      | Learned a level 3 spell: Confuse
  1139 | D:2      | Noticed Sigmund
  1180 | D:1      | HP: 1/24 [poisoned by an adder]
  1182 | D:1      | Succumbed to an adder's poison

Action                   || total
-------------------------++-------
Melee: Dagger            ||    90
 Cast: Ensorcelled Hiber ||     9
       Confuse           ||     2
  Use: Potion            ||     2
 Stab: Sleeping          ||    12
  Eat: Corpse            ||    10
